 Dungeon Crawl Stone Soup version 0.29-a0-222-g5b244fca1f (webtiles) character file.

Game seed: 14008589930455814535

72 GraveyardiganJr the Ruffian (level 4, -1/35 HPs)
             Began as a Draconian Transmuter on Feb 27, 2022.
             Slain by Grinder (3 damage)
             ... while paralysed by Grinder
             ... on level 4 of the Dungeon.
             The game lasted 00:17:06 (2227 turns).

GraveyardiganJr the Ruffian (Draconian Transmuter)  Turns: 2227, Time: 00:17:06

Health: -1/35      AC:  8    Str: 12    XL:     4   Next: 6%
Magic:  6/7        EV:  2    Int: 16    God:
Gold:   92         SH:  0    Dex: 11    Spells: 2/7 levels left

rFire   . . .      SeeInvis .     - Unarmed
rCold   . . .      Faith    .   (no shield)
rNeg    . . .      Spirit   .   (body armour unavailable)
rPois   .          Reflect  .   (helmet currently unavailable)
rElec   .          Harm     .   (no cloak)
rCorr   .          Rampage  .   d - +2 pair of gloves
Will    .....                   (boots currently unavailable)
Stlth   +.........              (no amulet)
HPRegen 0.11/turn               (no ring)
MPRegen 0.10/turn               (no ring)

@: paralysed, appendages
A: horns 2, talons 2, AC +5, unfitting armour, cold-blooded
a: End Transformation


You were on level 4 of the Dungeon.
You had temporarily grown beastly horns and talons.
You visited 1 branch of the dungeon, and saw 4 of its levels.

You collected 92 gold pieces.

Inventory:

Missiles
 b - 99 stones (quivered)
 k - 3 javelins
Armour
 d - a +2 pair of gloves (worn)
Scrolls
 e - a scroll of fog {unknown}
 f - a scroll of vulnerability {unknown}
 i - a scroll of enchant armour {unknown}
 j - a scroll of noise {unknown}
Potions
 a - 3 potions of lignification
 g - a potion of attraction
 h - a potion of curing
 l - 2 potions of ambrosia
 m - a potion of cancellation {unknown}
 n - a potion of might


   Skills:
 + Level 1.1 Fighting
 + Level 2.1 Dodging
 + Level 0.2 Stealth
 + Level 3.7 Unarmed Combat
 + Level 2.3 Spellcasting
 * Level 3.1 Transmutations


You had 2 spell levels left.
You knew the following spells:

 Your Spells              Type           Power      Damage    Failure   Level
a - Beastly Appendage     Tmut           22%        N/A       5%          1
b - Wereblood             Tmut           11%        N/A       9%          2
l - Passwall              Tmut/Erth      5%         N/A       16%         2

Your spell library contained the following spells:

 Spells                   Type           Power      Damage    Failure   Level
 Sandblast                Erth           2%         2d4       21%         1
 Spider Form              Tmut/Pois      6%         N/A       32%         3
 Stone Arrow              Conj/Erth      2%         3d7       52%         3
 Ice Form                 Ice/Tmut       6%         N/A       71%         4
 Summon Lightning Spire   Summ/Air       1%         N/A       89%         4
 Storm Form               Tmut/Air       3%         N/A       100%        7
 Maxwell's Capacitive Co  Air            0%         ∞         100%        8


Dungeon Overview and Level Annotations

Branches:
Dungeon (4/15)
 Temple: D:4-7

Altars:
Ru

Annotations:
D:4 Grinder


Innate Abilities, Weirdness & Mutations

You have temporarily grown beastly horns and talons.
Your plain brown scales are hard. (AC +5)
You cannot fit into any form of body armour.
You are cold-blooded and may be slowed by cold attacks.


Message History

You hit Grinder. Your kick misses Grinder.
Grinder is moderately wounded.
Grinder hits you.
You writhe in agony.
* * * LOW HITPOINT WARNING * * *
You hit Grinder. You claw Grinder.
Your tail-slap misses Grinder.
Grinder is heavily wounded.
You hit Grinder but do no damage. Your kick misses Grinder.
You headbutt Grinder! You tail-slap Grinder.
Grinder is severely wounded.
Grinder closely misses you.
You hit Grinder.
Grinder is severely wounded.
Grinder barely misses you.
You barely miss Grinder. You headbutt Grinder.
Grinder is severely wounded.
Grinder blinks!
Throw: 99 stones
Press: ? - help, Q - select action, (/) - cycle Shift-Dir - straight line, f - Grinder
Aim: Grinder (severely wounded, 50% to hit)
Okay, then.
Casting: Beastly Appendage (safe; 5% risk of failure)
Confirm with . or Enter, or press ? or * to list all spells.
You extend your transformation's duration.
Grinder closely misses you.
You hit Grinder but do no damage. Your headbutt misses Grinder.
Grinder is severely wounded.
Grinder hits you.
* * * LOW HITPOINT WARNING * * *
You writhe in agony.
* * * LOW HITPOINT WARNING * * *
You hit Grinder but do no damage. Your kick misses Grinder.
You headbutt Grinder.
Grinder is almost dead.
Grinder gestures at you.
You suddenly lose the ability to move!
Grinder gestures at you. Pain shoots through your body!
* * * LOW HITPOINT WARNING * * *
Grinder hits you.
You die...

####
..##########
##........<..
#..........#
#..........##
#<...5......#
#.#....@.......
#........#####.
#######[.......
#......### ..
...##.#..# ≈≈
..>.. ...... ≈≈
#####. ##....
#≈ ## .... #.
...


You could see Grinder.

Vanquished Creatures
  3 gnolls (D:3)
  A worm (D:3)
  A dart slug (D:2)
  4 bats (D:1)
  5 endoplasms
  A giant cockroach (D:2)
  4 goblins
  2 jackals (D:3)
  5 kobolds
  2 quokkas
  5 ball pythons
  A frilled lizard (D:1)
  A rat (D:2)
35 creatures vanquished.

Notes
Turn   | Place    | Note
-------+----------+-------------------------------------------
     0 | D:1      | GraveyardiganJr the Draconian Transmuter began the quest
                  | for the Orb.
     0 | D:1      | Reached XP level 1. HP: 16/16 MP: 3/3
   284 | D:1      | Reached XP level 2. HP: 23/23 MP: 3/5
   290 | D:1      | Learned a level 2 spell: Wereblood
   305 | D:1      | Found a faded altar of an unknown god.
  1154 | D:2      | Found a sacrificial altar of Ru.
  1218 | D:2      | Reached XP level 3. HP: 11/28 MP: 4/6
  1221 | D:2      | Learned a level 2 spell: Passwall
  2008 | D:3      | Reached XP level 4. HP: 33/35 MP: 5/7
  2170 | D:4      | Noticed an ogre
  2211 | D:4      | Noticed Grinder
  2225 | D:4      | Paralysed by Grinder for 6 turns
  2227 | D:4      | Slain by Grinder

Illustrated notes

Levels and vault maps discovered:
D:1:      dpeg_arrival_rooms_c, layout_basic, ebering_ecumenical_altar_mist,
          minmay_misc_feat_room, grunt_decor_mini_mirrors
D:2:      layout_loops_cross, basic_altar, minmay_misc_feat_secret_circle,
          minmay_misc_feat_columns
D:3:      layout_basic
D:4:      layout_rooms, minmay_temple_entry_glass, gammafunk_ghost_grave,
          minivault_27, hangedman_decor_clover_reticule, nicolae_shop_self_help,
          uniq_grinder, uniq_edmund

Skill      XL: |  1  2  3 |
---------------+----------+-----
Dodging        | 2 |  2.1
Transmutations | 3 |  3.1
Fighting       | |  1.1
Stealth        | |  0.2
Unarmed Combat | |  3.7
Spellcasting   | |  2.3

Action                   |  1- 3 |  4- 6 || total
-------------------------+-------+-------++-------
Melee: Unarmed           |    94 |    11 ||   105
       Headbutt          |    14 |     3 ||    17
       Kick              |    16 |     3 ||    19
       Tailslap          |    10 |     2 ||    12
Throw: Stone             |    15 |       ||    15
 Cast: Beastly Appendage |    21 |     3 ||    24
       Wereblood         |     1 |       ||     1
  Use: Scroll            |     5 |     1 ||     6
       Potion            |     1 |       ||     1
 Stab: Sleeping          |     2 |       ||     2
Armor: Skin              |    23 |       ||    23
Dodge: Dodged            |    46 |     4 ||    50

Table legend: (Time is in decaauts)
 A = Elapsed time spent in this place.
 B = Non-inter-level travel time spent in this place.
 C = Inter-level travel time spent in this place.
 D = Time resting spent in this place.
 E = Time spent auto-exploring this place.
 F = Levels seen in this place.
 G = Mean time per level.
                   A        B        C        D        E       F      G
               +--------+--------+--------+--------+--------+-----+--------+
         Total |   2227 |   2105 |    122 |     82 |   1500 |   4 |  556.8 |
       Dungeon |   2227 |   2105 |    122 |     82 |   1500 |   4 |  556.8 |
               +--------+--------+--------+--------+--------+-----+--------+

Top non-repeatable levels by time:
     D:1: 869 daAuts
     D:2: 781 daAuts
     D:3: 555 daAuts
     D:4: 21 daAuts
